 Dungeon Crawl Stone Soup version 0.18.1-5-g4a78601 (webtiles) character file.

38444 M4edhros the Vine Aeon (level 14, 0/72 HPs)
             Began as a Vine Stalker Transmuter on May 10, 2016.
             Was the Champion of Cheibriados.
             Slain by a yak (8 damage)
             ... on level 8 of the Lair of Beasts.
             The game lasted 00:52:53 (5978 turns).

M4edhros the Vine Aeon (Vine Stalker Transmuter)    Turns: 5978, Time: 00:52:54

Health: 0/72       AC:  8    Str: 29    XL:     14   Next: 2%
Magic:  0/24       EV: 25    Int: 28    God:    Cheibriados [******]
Gold:   687        SH:  0    Dex: 34    Spells: 4 memorised, 10 levels left

rFire  + . .     SeeInvis .       - Unarmed
rCold  . . .     Gourm    .     O - +2 ring mail {rF+}
rNeg   . . .     Faith    .     (no shield)
rPois  +         Spirit   +     C - +0 helmet
rElec  .         Dismiss  .     (no cloak)
rCorr  .         Reflect  .     (no gloves)
SustAt .         Harm     .     (no boots)
MR     +....                    P - amulet of magic regeneration
Stlth  ++........               B - ring of poison resistance
                                f - ring of wizardry

@: very slightly contaminated, invisible, very slow, somewhat resistant to
hostile enchantments, unstealthy
A: fangs 3, regeneration 3, magic shield, antimagic bite, no device heal 3, rot
immunity
a: Bend Time, Temporal Distortion, Slouch, Step From Time, Renounce Religion


You were on level 8 of the Lair of Beasts.
You worshipped Cheibriados.
Cheibriados was exalted by your worship.
You were hungry.

You visited 3 branches of the dungeon, and saw 22 of its levels.
You also visited: Volcano.

You collected 687 gold pieces.

Inventory:

Hand Weapons
 h - a +1 short sword of draining
 j - a +0 blowgun
 n - a +0 short sword of venom
Missiles
 a - an arrow
 l - 2 throwing nets (quivered)
 o - 17 poisoned needles
 s - 4 javelins
Armour
 u - a +0 plate armour
 C - a +0 helmet (worn)
 L - a +1 leather armour of fire resistance
 O - a +2 ring mail of fire resistance (worn)
Jewellery
 f - a ring of wizardry (left hand)
 q - an uncursed ring of protection from magic
 v - an uncursed ring of flight
 B - a ring of poison resistance (right hand)
 P - an amulet of magic regeneration (around neck)
 S - an uncursed ring of teleportation
Wands
 k - a wand of teleportation (4/9)
 D - a wand of acid (9/15)
Scrolls
 p - a scroll of recharging
 x - 4 scrolls of random uselessness
 y - a scroll of acquirement {unknown}
 z - a scroll of enchant armour {unknown}
 G - 2 scrolls of enchant weapon {unknown}
 K - a scroll of vulnerability
 N - 3 scrolls of identify
Potions
 e - 3 potions of might
 r - 5 potions of curing
 t - 4 potions of heal wounds
 w - a potion of resistance
 E - a potion of cancellation {unknown}
 F - 2 potions of agility {unknown}
 H - a potion of degeneration {unknown}
 I - a potion of flight
 J - a potion of cure mutation
 M - 2 potions of brilliance {unknown}
Books
 c - a book of Changes

   Spells                             Type                      Level
   a - Beastly Appendage              Transmutation                1
   b - Sticks to Snakes               Transmutation                2
   c - Spider Form                    Transmutation/Poison         3
   d - Ice Form                       Ice/Transmutation            4
   e - Blade Hands                    Transmutation                5
Miscellaneous
 b - a disc of storms
 Q - a fan of gales (inert)
Comestibles
 d - 5 bread rations
 g - 2 meat rations
 i - 16 fruits
 A - 4 chunks of flesh
 R - a beef jerky


   Skills:
 + Level 7.0 Fighting
 + Level 10.9 Dodging
 - Level 11.6 Unarmed Combat
 - Level 4.3 Spellcasting
 - Level 8.3 Transmutations
 - Level 12.0 Invocations


You had 10 spell levels left.
You knew the following spells:

 Your Spells              Type           Power        Failure   Level  Hunger
a - Beastly Appendage     Trmt           ######       1%          1    None
b - Sticks to Snakes      Trmt           ######..     1%          2    None
c - Spider Form           Trmt/Pois      ####......   3%          3    ##.....
d - Blade Hands           Trmt           ######....   4%          5    #####..


Dungeon Overview and Level Annotations

Branches:
Dungeon (13/15)            Temple (1/1) D:6            Lair (8/8) D:9
 Shoals (0/4) Lair:4        Snake (0/4) Lair:6        Slime (0/6) Lair:8
    Orc: D:9-12      Vaults: D:13-14

Altars:
Ashenzari
Cheibriados
Elyvilon
Fedhas
Gozag
Kikubaaqudgha
Nemelex Xobeh
Okawaru
Qazlal
Sif Muna
Trog
Xom
Yredelemnul
Zin
Jiyva

Annotations:
D:10 barb4r1an's ghost, novice MfTm
D:11 Snorg
D:12 Scarto's ghost, journeyman DDFi
Lair:8 2 exclusions


Innate Abilities, Weirdness & Mutations

You have razor-sharp teeth.
You regenerate.
When hurt, damage is shared between your health and your magic reserves.
Your bite disrupts and absorbs the magic of your enemies.
Potions and wands cannot restore your health.
You are immune to rotting.


Message History

Okay, then.
Okay, then.
You warp the flow of time around you!
You are feeling hungry.
Drink which item? (? for menu, Esc to quit)
Okay, then.
Evoke which item? (* to show all) (? for menu, Esc to quit)
You have no means to grasp a wand firmly enough.
Unknown command.
Evoke which item? (* to show all) (? for menu, Esc to quit)
Okay, then.
Drink which item? (? for menu, Esc to quit)
Okay, then.
Drink which item? (? for menu, Esc to quit)
You fade into invisibility!
The death yak barely misses you.
You are very lightly contaminated with residual magic.
Your hands revert to their normal proportions.
The yak gores you!
You die...

###..### ###†..##...
##...## ###...... ##.
###..## ##...##P ..
##...# ##÷.### # YY
#...## #.†## ## ##.
##...###†## ###. ##YY#
##........####...
#P..P####.Y###P...P##....
##.....##@.##
###P..#..... #P.8.8..YYY#
##.....##. #..8....8.###
###.###†. #.....8....#
#######... ....P..8Y..P#
#..###...# ..###...P####
#......## . ######
###......# ###......8..
#######....8..†...


You could see 3 death yaks and 2 yaks.

Vanquished Creatures
  A hydra (Lair:8)
  An ogre mage (Volcano)
  2 catoblepae (Lair:8)
  13 death yaks
  2 hill giants
  An oklob plant (Lair:5)
  A griffon (Lair:3)
  A cyclops (D:12)
  9 elephants
  4 torpor snails (Lair:8)
  2 black mambas (Lair:8)
  9 spiny frogs
  2 rime drakes
  2 komodo dragons (Lair:8)
  A two-headed ogre (Volcano)
  22 blink frogs
  A snapping turtle (Lair:4)
  2 wyverns
  23 yaks
  6 hippogriffs
  2 basilisks
  A vampire mosquito (D:12)
  4 porcupines
  11 water moccasins
  An orc warrior (D:12)
  A sky beast (D:9)
  A black bear (D:7)
  A phantom (D:7)
  8 wolves
  6 ogres
  A wasp (D:10)
  2 centaurs (D:9)
  13 crocodiles
  2 big kobolds (D:10)
  4 giant frogs
  A scorpion (D:8)
  17 killer bees (Lair:8)
  A howler monkey (D:7)
  2 electric eels (Lair:4)
  3 crimson imps
  2 hounds (D:9)
  An orc priest (D:9)
  A gnoll shaman (D:8)
  4 jellies (D:9)
  3 orc wizards
  4 iguanas
  7 hell rats (Lair:8)
  3 worker ants
  25 sheep
  A hound zombie (D:6)
  A hound skeleton (D:7)
  3 gnolls (D:8)
  A howler monkey skeleton (D:6)
  6 adders
  15 river rats
  2 shadow imps
  3 giant geckos
  7 orcs
  A bat (D:2)
  2 giant cockroaches (D:2)
  3 goblins
  3 hobgoblins
  A giant newt (D:2)
  A jackal skeleton (D:6)
  6 kobolds
  5 rats
  2 fungi
  A plant (Lair:8)
301 creatures vanquished.

Vanquished Creatures (collateral kills)
  A hydra (Lair:5)
  A spiny frog (Lair:1)
  A komodo dragon (Lair:1)
  Prince Ribbit (D:6)
  2 yaks (Lair:5)
  A wyvern (D:9)
  A basilisk (Lair:6)
  A vampire mosquito (D:12)
  A water moccasin (Lair:6)
  An ogre (D:9)
  A wolf (Lair:5)
  A killer bee (Lair:8)
  2 orc wizards (D:9)
  A worker ant (D:9)
  A sheep (Lair:5)
  An adder (D:2)
  4 river rats (Lair:5)
  A kobold (D:2)
  A fungus (Lair:8)
  A plant (Lair:5)
25 creatures vanquished.

Vanquished Creatures (others)
  16 fungi
  17 plants
33 creatures vanquished.

Grand Total: 359 creatures vanquished

Notes
Turn   | Place    | Note
--------------------------------------------------------------
     0 | D:1      | M4edhros the Vine Stalker Transmuter began the quest for the Orb.
     0 | D:1      | Reached XP level 1. HP: 9/9 MP: 4/4
   109 | D:2      | Reached XP level 2. HP: 5/14 MP: 6/6
   344 | D:1      | Learned a level 2 spell: Sticks to Snakes
   418 | D:2      | Reached XP level 3. HP: 16/17 MP: 7/7
   709 | D:5      | Entered Level 5 of the Dungeon
   713 | D:5      | Noticed an ogre
   749 | D:4      | Reached XP level 4. HP: 12/21 MP: 8/8
   775 | D:5      | Found an ancient bone altar of Kikubaaqudgha.
   840 | D:5      | Killed an ogre
   840 | D:5      | Reached skill level 5 in Unarmed Combat
   840 | D:5      | Reached XP level 5. HP: 25/25 MP: 3/10
   954 | D:6      | Noticed Prince Ribbit
   965 | D:6      | Killed Prince Ribbit
   965 | D:6      | Gained mutation: You heal very quickly. [Vine Stalker growth]
   965 | D:6      | Reached XP level 6. HP: 16/29 MP: 8/12
   976 | D:6      | Found a staircase to the Ecumenical Temple.
   985 | Temple   | Entered the Ecumenical Temple
  1029 | Temple   | Became a worshipper of Cheibriados the Contemplative
  1057 | D:6      | Found a stormy altar of Qazlal.
  1246 | D:7      | Noticed a phantom
  1276 | D:7      | Killed a phantom
  1310 | D:8      | Reached XP level 7. HP: 29/32 MP: 9/13
  1776 | D:8      | Found a shimmering altar of Xom.
  1777 | D:8      | Found a sparkling altar of Nemelex Xobeh.
  1972 | D:9      | Found a staircase to the Lair.
  1984 | D:9      | Found a viscous altar of Jiyva.
  1984 | D:9      | Noticed a yak
  1984 | D:9      | Noticed a yak
  1986 | D:9      | Noticed a yak
  2001 | D:9      | Noticed a yak
  2014 | D:9      | Gained mutation: You have razor-sharp teeth. [Vine Stalker growth]
  2014 | D:9      | Reached XP level 8. HP: 32/37 MP: 15/15
  2045 | D:9      | Gained mutation: You are partially covered in thin metallic scales (AC +2). [potion of mutation]
  2045 | D:9      | Gained mutation: You are resistant to hostile enchantments. [potion of mutation]
  2065 | D:9      | Killed a yak
  2086 | D:9      | Noticed a wyvern
  2096 | D:9      | Killed a wyvern
  2124 | D:9      | Learned a level 3 spell: Spider Form
  2169 | D:9      | Reached skill level 1 in Fighting
  2169 | D:9      | Reached skill level 5 in Transmutations
  2192 | D:9      | Reached * piety under Cheibriados
  2482 | D:10     | Entered Level 10 of the Dungeon
  2504 | D:10     | Noticed barb4r1an's ghost (novice MfTm)
  2522 | D:11     | Noticed Snorg
  2544 | D:12     | Reached XP level 9. HP: 37/42 MP: 1/16
  2547 | D:12     | Noticed a cyclops
  2578 | D:12     | Killed a cyclops
  2629 | D:12     | Noticed Scarto's ghost (journeyman DDFi)
  2660 | D:12     | Lost mutation: You are resistant to hostile enchantments. [potion of cure mutation]
  2660 | D:12     | Lost mutation: You are partially covered in thin metallic scales (AC +2). [potion of cure mutation]
  2787 | D:12     | Learned a level 5 spell: Blade Hands
  2793 | D:12     | Reached ** piety under Cheibriados
  2853 | D:13     | Noticed a centaur warrior
  3041 | D:12     | Noticed a hill giant
  3048 | D:12     | Killed a hill giant
  3076 | D:12     | Reached XP level 10. HP: 25/49 MP: 5/17
  3172 | D:10     | Reached skill level 10 in Unarmed Combat
  3262 | Lair:1   | Entered Level 1 of the Lair of Beasts
  3270 | Lair:1   | Reached *** piety under Cheibriados
  3292 | Lair:1   | Noticed a spiny frog
  3302 | Lair:1   | Killed a spiny frog
  3477 | Lair:2   | Reached skill level 5 in Dodging
  3539 | Lair:3   | Reached skill level 5 in Fighting
  3544 | Lair:3   | Reached XP level 11. HP: 54/56 MP: 16/18
  3620 | Lair:3   | Reached **** piety under Cheibriados
  3684 | Lair:3   | Noticed a griffon
  3693 | Lair:3   | Killed a griffon
  3830 | Lair:5   | Noticed a four-headed hydra
  3875 | Lair:4   | Found a staircase to the Shoals.
  3912 | Lair:4   | Reached ***** piety under Cheibriados
  4163 | Lair:5   | Reached skill level 1 in Invocations
  4198 | Lair:5   | Noticed a death yak
  4199 | Lair:5   | Noticed a death yak
  4199 | Lair:5   | Noticed a death yak
  4199 | Lair:5   | Noticed a death yak
  4199 | Lair:5   | Noticed a death yak
  4199 | Lair:5   | Noticed a death yak
  4211 | Lair:5   | Reached skill level 2 in Invocations
  4241 | Lair:5   | Gained mutation: You regenerate. [Vine Stalker growth]
  4241 | Lair:5   | Reached XP level 12. HP: 59/62 MP: 15/19
  4246 | Lair:5   | Reached skill level 3 in Invocations
  4330 | Lair:5   | Reached skill level 4 in Invocations
  4363 | Lair:5   | Killed a death yak
  4363 | Lair:5   | Reached skill level 5 in Invocations
  4371 | Lair:5   | Killed a death yak
  4377 | Lair:5   | Killed a death yak
  4377 | Lair:5   | Reached skill level 6 in Invocations
  4382 | Lair:5   | Killed a death yak
  4387 | Lair:5   | Reached ****** piety under Cheibriados
  4431 | Lair:4   | Reached skill level 7 in Invocations
  4470 | Lair:5   | Killed a six-headed hydra
  4540 | Lair:5   | Killed a death yak
  4540 | Lair:5   | Reached skill level 8 in Invocations
  4548 | Lair:5   | Killed a death yak
  4689 | Lair:6   | Reached XP level 13. HP: 66/66 MP: 20/20
  4692 | Lair:6   | Reached skill level 9 in Invocations
  4730 | Lair:6   | Found a staircase to the Snake Pit.
  4789 | Lair:6   | Found a dark tunnel.
  4795 | Volcano  | Entered a volcano
  4924 | Volcano  | Noticed an ogre mage
  4933 | Volcano  | Killed an ogre mage
  5165 | Lair:7   | Reached skill level 10 in Invocations
  5220 | Lair:8   | Entered Level 8 of the Lair of Beasts
  5225 | Lair:8   | Reached skill level 10 in Dodging
  5445 | Lair:8   | Found a snail-covered altar of Cheibriados.
  5605 | Lair:8   | Reached skill level 11 in Invocations
  5631 | Lair:8   | Found a viscous altar of Jiyva.
  5631 | Lair:8   | Found a staircase to the Slime Pits.
  5911 | Lair:8   | Reached skill level 12 in Invocations
  5975 | Lair:8   | Reached XP level 14. HP: 19/72 MP: 8/24
  5978 | Lair:8   | Slain by a yak

Skill      XL: |  1  2  3  4  5  6  7  8  9 10 11 12 13 |
---------------+----------------------------------------+-----
Unarmed Combat | 4 5 6 7 8 9 10 11 | 11.6
Spellcasting   | 3 4 |  4.3
Transmutations | 3 4 6 7 8 |  8.3
Fighting       | 2 3 5 6 7 |  7.0
Dodging        | 2 3 5 8 9 10 | 10.9
Invocations    | 2 8 12 | 12.0

Action                   |  1- 3 |  4- 6 |  7- 9 | 10-12 | 13-15 || total
-------------------------+-------+-------+-------+-------+-------++-------
Melee: Unarmed           |    54 |    17 |   186 |   269 |   187 ||   713
       Bite              |    19 |    22 |    58 |   107 |    90 ||   296
       Headbutt          |     4 |     2 |     9 |     1 |       ||    16
       Punch             |     2 |       |     3 |    22 |    16 ||    43
       Kick              |     1 |     4 |    20 |       |     7 ||    32
       Short sword       |    36 |    37 |       |       |       ||    73
Throw: Throwing net      |       |       |     2 |       |       ||     2
 Cast: Beastly Appendage |     6 |     5 |     9 |     2 |     1 ||    23
       Sticks to Snakes  |     2 |    10 |    59 |    19 |    19 ||   109
       Spider Form       |       |       |     6 |       |       ||     6
       Blade Hands       |       |       |     2 |    37 |    27 ||    66
Invok: Temporal Distorti |       |       |       |       |     1 ||     1
 Abil: End Transformatio |       |       |       |       |     2 ||     2
Evoke: Wand              |       |       |       |     2 |     2 ||     4
       Fan of gales      |       |       |       |       |     1 ||     1
  Use: Scroll            |     2 |       |    10 |     5 |     7 ||    24
       Potion            |       |       |    11 |       |     1 ||    12
 Stab: Sleeping          |     1 |       |       |     3 |       ||     4
       Distracted        |       |     1 |     1 |     4 |     2 ||     8
  Eat: Chunk             |       |     2 |     5 |    10 |     4 ||    21
       Royal jelly       |       |       |     2 |       |       ||     2
       Fruit             |       |       |       |     1 |     1 ||     2
       Meat ration       |       |       |       |     1 |     1 ||     2
Armor: Robe              |    12 |    11 |    20 |    14 |       ||    57
       Skin              |       |       |     2 |       |       ||     2
       Ring mail         |       |       |       |       |    25 ||    25
Dodge: Dodged            |    48 |    30 |   150 |   251 |   237 ||   716
